 Dungeon Crawl Stone Soup version 0.29-a0-553-g81b289dbe5 (webtiles) character file.

Game seed: 1369406516276517544

492 jifgo the Chopper (level 7, -1/91 HPs)
             Began as a Hill Orc Monk on June 6, 2022.
             Was a Believer of Nemelex Xobeh.
             Succumbed to a killer bee's poison
             ... on level 4 of the Dungeon.
             The game lasted 00:12:52 (3732 turns).

jifgo the Chopper (Hill Orc Monk)                   Turns: 3732, Time: 00:12:52

Health: -1/91      AC: 27    Str: 16    XL:     7   Next: 14%
Magic:  10/10      EV:  2    Int: 10    God:    Nemelex Xobeh [**....]
Gold:   192        SH:  0    Dex: 13    Spells: 6/6 levels left

rFire   . . .      SeeInvis .   c - +2 hand axe (venom)
rCold   . . .      Faith    .   (no shield)
rNeg    . . .      Spirit   .   (body armour currently unavailable)
rPois   +          Reflect  .   (helmet currently unavailable)
rElec   .          Harm     .   (cloak currently unavailable)
rCorr   .          Rampage  .   (gloves currently unavailable)
Will    .....      NoTele   +   (boots currently unavailable)
Stlth   ++........              (no amulet)
HPRegen 0.25/turn               i - +4 ring of protection
MPRegen 0.12/turn               (no ring)

@: lethally poisoned (-1 -> -14), tree-form
A: stationary, stasis, torment immunity, boosted hp
a: Renounce Religion, Draw Escape, Draw Destruction, Draw Summoning


You were on level 4 of the Dungeon.
You worshipped Nemelex Xobeh.
Nemelex Xobeh was pleased with you.
You were a tree.
You visited 2 branches of the dungeon, and saw 5 of its levels.

You collected 192 gold pieces.

Inventory:

Hand Weapons
 c - a +2 hand axe of venom (weapon)
 j - a +0 hunting sling
 y - a +0 war axe
Missiles
 d - 149 stones (quivered)
 k - a throwing net
 q - 6 curare-tipped darts
Armour
 b - a +2 cloak (melded)
 m - a +0 chain mail (melded)
Jewellery
 i - a +4 ring of protection (left branch)
Wands
 x - a wand of flame (4)
Scrolls
 a - a scroll of vulnerability {unknown}
 f - a scroll of summoning {unknown}
 o - 2 scrolls of magic mapping {unknown}
 s - 2 scrolls of enchant weapon {unknown}
 w - a scroll of enchant armour {unknown}
Potions
 l - a potion of resistance
 n - a potion of haste
 p - 2 potions of mutation
 t - a potion of magic
 u - a potion of attraction


   Skills:
 + Level 5.4 Fighting
 + Level 6.0 Axes
 + Level 1.7 Armour
 + Level 3.7 Dodging
 - Level 1.5 Stealth
 + Level 4.2 Invocations
 + Level 1.0 Evocations


You had 6 spell levels left.
You didn't know any spells.
Your spell library contained the following spells:

 Spells                   Type           Power      Damage    Failure   Level
 Magic Dart               Conj           0%         1d3       36%         1
 Searing Ray              Conj           0%         2d4       50%         2
 Sublimation of Blood     Necr           0%         N/A       50%         2
 Wereblood                Tmut           0%         N/A       50%         2
 Fulminant Prism          Conj/Hex       0%         3d6       98%         4
 Summon Hydra             Summ           0%         N/A       100%        7


Dungeon Overview and Level Annotations

Branches:
Dungeon (4/15)             Temple (1/1) D:4

Altars:
Cheibriados
Elyvilon
Gozag
Hepliaklqana
Kikubaaqudgha
Nemelex Xobeh
Ru
Wu Jian
Xom
The Shining One


Message History

Your Axes skill increases to level 6!
Your Evocations skill increases to level 1!
You feel very mighty all of a sudden.
You feel sick. The killer bee barely misses you. The killer bee stings you.
* * * LOW HITPOINT WARNING * * *
You are more poisoned.
The killer bee poisons you!
It was a potion of haste.
You feel yourself speed up.
You feel very sick.
The killer bee stings you but does no damage.
The killer bee stings you.
* * * LOW HITPOINT WARNING * * *
It was a potion of invisibility.
You fade into invisibility!
You feel sick. The killer bee barely misses you.
It was a potion of cancellation.
Your magical effects are unravelling.
You feel magically purged.
You feel yourself slow down.
You flicker back into view.
You feel a little less mighty now.
You feel sick. The killer bee stings you.
* * * LOW HITPOINT WARNING * * *
The killer bee stings you but does no damage.
It was a potion of lignification.
You turn into a tree.
Your +2 cloak melds into your body.
Your +0 chain mail melds into your body.
Your roots penetrate the ground.
You feel sick. The killer bee stings you.
* * * LOW HITPOINT WARNING * * *
You are lethally poisoned!
The killer bee poisons you! The killer bee stings you.
* * * LOW HITPOINT WARNING * * *
You slash the killer bee!
The killer bee is poisoned.
The killer bee is heavily wounded.
* * * LOW HITPOINT WARNING * * *
You feel very sick.
The killer bee stings you but does no damage. x2
You barely miss the killer bee.
The killer bee is severely wounded.
You die...
Your body glows slightly and disappears.

...........# .######.##.#
# #.##.# #. #.##.# #$
#.##.### #.. ####.##...##
#... #..........###
####..#######.###.###..##.
..=...yyy♣....# #.# #..##.
##.#.#.#####.## #.# #..##.
#. #.# #.# #..### #. ...
#.# #..# #.
.###.##.###..## .. .
..........# .. # ###
##.......## #. ...
#..#....## ...
###.####..#......


You could see 3 killer bees.

Vanquished Creatures
  A phantom (D:4)
  A scorpion (D:4)
  2 killer bees (D:4)
  Jessica (D:3)
  Terence (D:3)
  An iguana (D:4)
  An orc wizard (D:3)
  9 adders
  A white imp (D:4)
  A worm (D:3)
  2 dart slugs
  9 orcs
  6 ball pythons
  7 bats
  3 endoplasms
  A giant cockroach (D:1)
  7 goblins
  10 hobgoblins
  A quokka (D:3)
  12 frilled lizards
  5 kobolds
  3 rats
85 creatures vanquished.

Notes
Turn   | Place    | Note
-------+----------+-------------------------------------------
     0 | D:1      | jifgo the Hill Orc Monk began the quest for the Orb.
     0 | D:1      | Reached XP level 1. HP: 19/19 MP: 1/1
   276 | D:1      | Reached XP level 2. HP: 20/27 MP: 2/2
   423 | D:1      | Reached skill level 1 in Invocations
   953 | D:1      | Reached XP level 3. HP: 33/33 MP: 4/4
  1548 | D:2      | Found a faded altar of an unknown god.
  2023 | D:3      | Reached XP level 4. HP: 36/40 MP: 5/5
  2062 | D:3      | Noticed Jessica
  2069 | D:3      | Found a sacrificial altar of Ru.
  2118 | D:3      | Killed Jessica
  2119 | D:3      | Reached skill level 5 in Axes
  2205 | D:3      | Reached XP level 5. HP: 46/47 MP: 5/7
  2693 | D:3      | Noticed Terence
  2707 | D:3      | Killed Terence
  2866 | D:4      | Found a staircase to the Ecumenical Temple.
  2885 | Temple   | Entered the Ecumenical Temple
  3019 | Temple   | Became a worshipper of Nemelex Xobeh the Trickster
  3019 | Temple   | Reached * piety under Nemelex Xobeh
  3019 | Temple   | Received a gift from Nemelex Xobeh
  3019 | Temple   | Reached ** piety under Nemelex Xobeh
  3041 | D:4      | Noticed a phantom
  3073 | D:4      | Killed a phantom
  3074 | D:4      | Reached skill level 5 in Fighting
  3074 | D:4      | Reached XP level 6. HP: 41/56 MP: 8/8
  3263 | D:4      | Reached skill level 1 in Armour
  3719 | D:4      | Reached XP level 7. HP: 53/61 MP: 10/10
  3726 | D:4      | Reached skill level 6 in Axes
  3726 | D:4      | Reached skill level 1 in Evocations
  3731 | D:4      | HP: 1/91 [poisoned by a killer bee]
  3732 | D:4      | Succumbed to a killer bee's poison

Illustrated notes

Levels and vault maps discovered:
D:1:      eino_arrival_water_star, layout_basic, minmay_lizard_pond
D:2:      layout_basic, chequers_ecumenical_altar_simple_redux, corexii_shack,
          minmay_misc_feat_iff
D:3:      layout_basic, nicolae_ru_great_annihilating_truth,
          kennysheep_decorative_pillar, chequers_serial_rivers_micro_a,
          uniq_jessica, uniq_terence
D:4:      layout_loops_ring, makhleb_heckhound_becter, fedhas_altar_fruit_tree,
          minmay_temple_entry_slanted, uniq_sigmund
Temple:   nicolae_temple_figure_zero

Skill      XL: |  1  2  3  4  5  6  7 |
---------------+----------------------+-----
Invocations    | 1 2 3 4 |  4.2
Fighting       | 4 5 |  5.4
Axes           | 5 6 |  6.0
Dodging        | 3 |  3.7
Armour         | 1 |  1.7
Evocations     | 1 |  1.0
Stealth        | |  1.5

Action                   |  1- 3 |  4- 6 |  7- 9 || total
-------------------------+-------+-------+-------++-------
Melee: Hand axe          |   110 |   189 |     8 ||   307
       Punch             |     1 |     2 |       ||     3
Throw: Stone             |     3 |    20 |       ||    23
       Dart              |     3 |       |       ||     3
Invok: Draw Destruction  |       |     1 |       ||     1
Evoke: Wand              |       |     6 |       ||     6
  Use: Scroll            |       |     5 |       ||     5
       Potion            |       |     2 |     5 ||     7
 Stab: Sleeping          |     2 |       |       ||     2
       Paralysed         |       |     2 |       ||     2
Armor: Robe              |     6 |       |       ||     6
       Scale mail        |    57 |    82 |       ||   139
       Chain mail        |       |    20 |     4 ||    24
       Skin              |       |       |     2 ||     2
Dodge: Dodged            |    64 |    86 |     7 ||   157

Table legend: (Time is in decaauts)
 A = Elapsed time spent in this place.
 B = Non-inter-level travel time spent in this place.
 C = Inter-level travel time spent in this place.
 D = Time resting spent in this place.
 E = Time spent auto-exploring this place.
 F = Levels seen in this place.
 G = Mean time per level.
                   A        B        C        D        E       F      G
               +--------+--------+--------+--------+--------+-----+--------+
         Total |   3757 |   3640 |    117 |    296 |   2352 |   5 |  751.4 |
       Dungeon |   3613 |   3513 |    100 |    296 |   2239 |   4 |  903.2 |
        Temple |    143 |    126 |     17 |      0 |    113 |   1 |  143.0 |
               +--------+--------+--------+--------+--------+-----+--------+

Top non-repeatable levels by time:
     D:1: 1135 daAuts
     D:2: 861 daAuts
     D:3: 856 daAuts
     D:4: 760 daAuts
  Temple: 143 daAuts
